[ AOE2 MATCH · #483246473 ]
Team RMLithuanians vs Burmese
[ REPLAY ANALYSIS · EXTRACTED FROM THE RECORDED GAME ]
Feudal
10:10
Castle
21:57
Imperial
—
| APM avg | 70.7 |
| APM peak | 138 |
| eAPM avg | 33.8 |
| Villagers / military | 138 / 194 |
Focus
⚔️ 25.5% · 🌾 74.5%
Knight ×185 · Scout Cavalry ×7 · Monk ×2
Feudal
11:10
Castle
19:00
Imperial
36:52
| APM avg | 34.6 |
| APM peak | 73 |
| eAPM avg | 20.5 |
| Villagers / military | 172 / 84 |
Focus
⚔️ 22.0% · 🌾 78.0%
Coustillier ×79 · Monk ×4 · Trebuchet (Packed) ×1
Feudal
10:18
Castle
20:06
Imperial
47:39
| APM avg | 50.2 |
| APM peak | 99 |
| eAPM avg | 18.7 |
| Villagers / military | 120 / 163 |
Focus
⚔️ 35.3% · 🌾 64.7%
Archer ×161 · Trebuchet (Packed) ×2
Feudal
11:55
Castle
19:16
Imperial
—
| APM avg | 27.3 |
| APM peak | 81 |
| eAPM avg | 16.8 |
| Villagers / military | 88 / 41 |
Focus
⚔️ 21.8% · 🌾 78.2%
Camel Scout ×29 · Mangonel ×7 · Spearman ×5
Feudal
13:21
Castle
31:16
Imperial
47:28
| APM avg | 35.1 |
| APM peak | 60 |
| eAPM avg | 16.4 |
| Villagers / military | 133 / 81 |
Focus
⚔️ 34.4% · 🌾 65.6%
Knight ×42 · Scout Cavalry ×18 · Arambai ×13 · Battle Elephant ×4 · Mangonel ×2 · Battering Ram ×1
Feudal
10:12
Castle
23:05
Imperial
43:55
| APM avg | 54.2 |
| APM peak | 84 |
| eAPM avg | 28.4 |
| Villagers / military | 135 / 321 |
Focus
⚔️ 25.5% · 🌾 74.5%
Archer ×256 · Rattan Archer ×42 · Trebuchet (Packed) ×11 · Battering Ram ×7 · Mangonel ×5
Match map
Initial resources + every placement click. Lines = walls · curves = elevation contours. ◆ gold · ⬟ stone · ● berries · ✦ relic · ◌ wall gap
Your base· Open — unwalled flank
marshonginn's base· ✓ Closed at 19:00 · 36t walls · 2 gate(s)
MagicHunt's base· Open — unwalled flank
Giorgi's base· Open — unwalled flank
Hyper-Drive's base· ✓ Closed at 31:16 · 102t walls · 5 gate(s)
[Virgins]ItalianStallion's base· Open — 1t gap
Smoothed initial terrain · ◌ = detected wall gap · hover for details
Inputs per minute
— Lith_KING - - marshonginn
Build order — Lith_KING
First 150 of 417 actions detected
| 0:13 | Build | House |
| 0:15 | Build | House |
| 0:19 | Create | Villager (Male) |
| 0:19 | Create | Villager (Male) |
| 0:19 | Create | Villager (Male) |
| 0:19 | Create | Villager (Male) |
| 0:20 | Create | Villager (Male) |
| 0:20 | Create | Villager (Male) |
| 0:20 | Create | Villager (Male) |
| 0:21 | Create | Villager (Male) |
| 1:45 | Create | Villager (Male) |
| 1:45 | Create | Villager (Male) |
| 2:04 | Create | Villager (Male) |
| 2:05 | Create | Villager (Male) |
| 2:06 | Build | Lumber Camp |
| 3:05 | Create | Villager (Male) |
| 3:05 | Create | Villager (Male) |
| 3:15 | Create | Villager (Male) |
| 3:16 | Create | Villager (Male) |
| 3:44 | Create | Villager (Male) |
| 4:31 | Create | Villager (Male) |
| 4:32 | Create | Villager (Male) |
| 4:58 | Build | House |
| 5:04 | Build | House |
| 5:21 | Create | Villager (Male) |
| 5:22 | Create | Villager (Male) |
| 5:22 | Create | Villager (Male) |
| 5:22 | Create | Villager (Male) |
| 5:30 | Create | Villager (Male) |
| 5:30 | Create | Villager (Male) |
| 5:30 | Create | Villager (Male) |
| 5:34 | Build | House |
| 5:38 | Build | House |
| 5:57 | Create | Villager (Male) |
| 5:58 | Create | Villager (Male) |
| 5:58 | Create | Villager (Male) |
| 6:09 | Build | Mill |
| 6:46 | Create | Villager (Male) |
| 6:46 | Create | Villager (Male) |
| 6:46 | Create | Villager (Male) |
| 7:28 | Research | Loom |
| 7:37 | Research | Feudal Age |
| 7:38 | Research | Feudal Age |
| 8:48 | Build | Barracks |
| 9:20 | Create | Villager (Male) |
| 9:41 | Build | House |
| 9:57 | Build | House |
| 9:58 | Build | House |
| 10:00 | Create | Villager (Male) |
| 10:10 | Age | Feudal Age |
| 10:16 | Build | Stable |
| 10:39 | Create | Villager (Male) |
| 10:48 | Research | Double-Bit Axe |
| 11:11 | Create | Villager (Male) |
| 11:13 | Create | Scout Cavalry |
| 11:13 | Create | Scout Cavalry |
| 11:13 | Create | Scout Cavalry |
| 11:13 | Create | Scout Cavalry |
| 11:31 | Build | House |
| 11:32 | Build | House |
| 11:34 | Create | Villager (Male) |
| 11:36 | Build | Mining Camp |
| 11:43 | Build | Lumber Camp |
| 11:48 | Create | Villager (Male) |
| 11:58 | Create | Villager (Male) |
| 12:01 | Build | Farm |
| 12:37 | Build | House |
| 12:58 | Create | Villager (Male) |
| 13:02 | Create | Scout Cavalry |
| 13:28 | Create | Villager (Male) |
| 13:36 | Create | Villager (Male) |
| 13:42 | Create | Scout Cavalry |
| 13:42 | Create | Scout Cavalry |
| 14:04 | Create | Villager (Male) |
| 14:12 | Build | Farm |
| 14:13 | Build | Farm |
| 14:13 | Build | Farm |
| 14:14 | Build | Farm |
| 14:24 | Create | Villager (Male) |
| 15:03 | Create | Villager (Male) |
| 15:03 | Create | Villager (Male) |
| 15:25 | Build | Farm |
| 15:27 | Build | Farm |
| 15:27 | Build | Farm |
| 15:30 | Create | Villager (Male) |
| 16:28 | Create | Villager (Male) |
| 16:28 | Create | Villager (Male) |
| 16:29 | Create | Villager (Male) |
| 16:29 | Create | Villager (Male) |
| 16:29 | Create | Villager (Male) |
| 16:34 | Build | Farm |
| 16:36 | Build | Farm |
| 16:37 | Build | Farm |
| 16:46 | Create | Villager (Male) |
| 16:48 | Build | Farm |
| 16:49 | Build | Farm |
| 16:49 | Build | Farm |
| 16:50 | Build | Farm |
| 16:50 | Build | Farm |
| 16:51 | Build | Farm |
| 16:51 | Build | Farm |
| 16:51 | Build | Farm |
| 16:52 | Build | Farm |
| 16:52 | Build | Farm |
| 16:53 | Build | Farm |
| 16:53 | Build | Farm |
| 16:53 | Build | Farm |
| 17:02 | Create | Villager (Male) |
| 17:07 | Build | Blacksmith |
| 17:16 | Create | Villager (Male) |
| 17:32 | Build | Farm |
| 17:39 | Create | Villager (Male) |
| 17:56 | Build | Lumber Camp |
| 18:23 | Create | Villager (Male) |
| 18:28 | Build | House |
| 18:41 | Build | Farm |
| 19:02 | Build | House |
| 19:17 | Research | Castle Age |
| 19:17 | Research | Castle Age |
| 20:02 | Build | Stable |
| 20:04 | Build | Stable |
| 20:45 | Research | Forging |
| 20:46 | Research | Bloodlines |
| 20:47 | Research | Scale Barding Armor |
| 21:44 | Build | House |
| 21:44 | Build | House |
| 21:45 | Build | House |
| 21:45 | Build | House |
| 21:45 | Build | House |
| 21:46 | Build | House |
| 21:46 | Build | House |
| 21:48 | Build | House |
| 21:48 | Build | House |
| 21:57 | Age | Castle Age |
| 22:02 | Create | Knight |
| 22:02 | Create | Knight |
| 22:02 | Create | Knight |
| 22:03 | Create | Knight |
| 22:03 | Create | Knight |
| 22:03 | Create | Knight |
| 22:13 | Create | Villager (Male) |
| 22:18 | Build | Town Center |
| 22:22 | Research | Bow Saw |
| 22:29 | Create | Villager (Male) |
| 22:41 | Create | Knight |
| 22:41 | Create | Knight |
| 22:45 | Build | Farm |
| 22:59 | Create | Knight |
| 22:59 | Create | Knight |
| 22:59 | Create | Knight |
Build order — marshonginn
First 150 of 451 actions detected
| 0:02 | Build | House |
| 0:08 | Build | House |
| 0:14 | Research | Loom |
| 0:15 | Create | Villager (Male) |
| 0:15 | Create | Villager (Male) |
| 0:15 | Create | Villager (Male) |
| 0:16 | Create | Villager (Male) |
| 0:39 | Build | House |
| 0:41 | Build | House |
| 1:31 | Create | Villager (Male) |
| 1:32 | Create | Villager (Male) |
| 2:01 | Build | House |
| 2:06 | Create | Villager (Male) |
| 2:07 | Create | Villager (Male) |
| 2:38 | Build | House |
| 2:48 | Create | Villager (Male) |
| 2:48 | Create | Villager (Male) |
| 2:58 | Build | House |
| 3:16 | Create | Villager (Male) |
| 3:16 | Create | Villager (Male) |
| 3:50 | Create | Villager (Male) |
| 4:17 | Create | Villager (Male) |
| 4:17 | Create | Villager (Male) |
| 4:43 | Create | Villager (Male) |
| 4:54 | Create | Villager (Male) |
| 5:09 | Create | Villager (Male) |
| 5:10 | Create | Villager (Male) |
| 5:35 | Build | Lumber Camp |
| 6:24 | Create | Villager (Male) |
| 6:47 | Build | Mill |
| 6:53 | Research | Double-Bit Axe |
| 7:07 | Build | Palisade Wall |
| 7:09 | Create | Villager (Male) |
| 7:11 | Create | Villager (Male) |
| 7:27 | Build | Palisade Wall |
| 7:29 | Create | Villager (Male) |
| 7:58 | Build | Palisade Wall |
| 8:18 | Create | Villager (Male) |
| 8:49 | Build | Farm |
| 8:50 | Build | Farm |
| 9:00 | Research | Feudal Age |
| 9:21 | Build | Mining Camp |
| 9:39 | Build | Palisade Wall |
| 10:06 | Build | House |
| 10:09 | Build | House |
| 10:23 | Build | Palisade Wall |
| 10:40 | Research | Gold Mining |
| 11:10 | Age | Feudal Age |
| 11:12 | Create | Villager (Male) |
| 11:12 | Create | Villager (Male) |
| 11:15 | Build | House |
| 11:18 | Build | House |
| 11:21 | Build | House |
| 11:25 | Research | Bow Saw |
| 11:43 | Create | Villager (Male) |
| 11:48 | Build | House |
| 11:49 | Build | House |
| 11:55 | Create | Villager (Male) |
| 12:16 | Build | Lumber Camp |
| 12:39 | Build | Gate |
| 12:43 | Build | Farm |
| 12:48 | Create | Villager (Male) |
| 12:56 | Build | Farm |
| 13:21 | Build | Farm |
| 13:28 | Research | Loom |
| 13:38 | Build | House |
| 13:44 | Create | Villager (Male) |
| 14:07 | Build | Gate |
| 14:15 | Build | Blacksmith |
| 14:17 | Create | Villager (Male) |
| 14:20 | Build | Farm |
| 14:24 | Create | Villager (Male) |
| 14:49 | Create | Villager (Male) |
| 14:59 | Build | Farm |
| 15:00 | Build | Farm |
| 15:11 | Build | Market |
| 15:14 | Create | Villager (Male) |
| 16:20 | Research | Castle Age |
| 16:28 | Build | Mining Camp |
| 16:42 | Research | Horse Collar |
| 16:46 | Research | Stone Mining |
| 17:24 | Research | Forging |
| 17:42 | Build | House |
| 17:49 | Research | Stone Shaft Mining |
| 18:54 | Build | House |
| 19:00 | Age | Castle Age |
| 19:02 | Research | Town Watch |
| 19:05 | Create | Villager (Male) |
| 19:05 | Create | Villager (Male) |
| 19:52 | Build | Castle |
| 19:54 | Create | Villager (Male) |
| 19:58 | Create | Villager (Male) |
| 20:04 | Build | Monastery |
| 20:06 | Create | Villager (Male) |
| 20:26 | Research | Iron Casting |
| 20:36 | Build | Farm |
| 20:39 | Build | Farm |
| 20:40 | Create | Villager (Male) |
| 20:55 | Create | Coustillier |
| 20:55 | Create | Coustillier |
| 21:01 | Build | Farm |
| 21:02 | Create | Monk |
| 21:17 | Build | Farm |
| 21:32 | Build | Mining Camp |
| 21:54 | Create | Coustillier |
| 21:58 | Create | Villager (Male) |
| 22:31 | Create | Coustillier |
| 22:31 | Create | Coustillier |
| 22:34 | Create | Villager (Male) |
| 22:57 | Create | Coustillier |
| 23:03 | Research | Scale Barding Armor |
| 23:06 | Build | Farm |
| 23:25 | Create | Coustillier |
| 23:28 | Create | Villager (Male) |
| 23:31 | Build | Town Center |
| 23:36 | Create | Villager (Male) |
| 23:45 | Create | Coustillier |
| 24:11 | Create | Villager (Male) |
| 24:12 | Build | Farm |
| 24:24 | Create | Villager (Male) |
| 24:28 | Build | Farm |
| 24:34 | Create | Villager (Male) |
| 24:54 | Create | Villager (Male) |
| 24:54 | Create | Villager (Male) |
| 24:56 | Build | Farm |
| 24:58 | Create | Coustillier |
| 25:05 | Build | House |
| 25:06 | Build | House |
| 25:08 | Build | House |
| 25:24 | Create | Villager (Male) |
| 25:30 | Build | Farm |
| 26:05 | Build | Castle |
| 26:06 | Build | Farm |
| 26:18 | Create | Coustillier |
| 26:34 | Create | Villager (Male) |
| 26:38 | Build | Farm |
| 26:38 | Build | Farm |
| 26:49 | Build | Lumber Camp |
| 27:17 | Create | Coustillier |
| 27:17 | Create | Coustillier |
| 27:18 | Create | Coustillier |
| 27:56 | Create | Villager (Male) |
| 27:57 | Create | Villager (Male) |
| 27:57 | Create | Villager (Male) |
| 27:59 | Build | Farm |
| 28:10 | Build | House |
| 28:31 | Build | House |
| 28:32 | Build | House |
| 28:38 | Create | Monk |
| 28:45 | Create | Villager (Male) |
Build order — MagicHunt
First 150 of 415 actions detected
| 0:15 | Build | House |
| 0:23 | Build | House |
| 0:26 | Create | Villager (Male) |
| 0:32 | Create | Villager (Male) |
| 0:33 | Create | Villager (Male) |
| 0:33 | Create | Villager (Male) |
| 1:34 | Create | Villager (Male) |
| 1:35 | Create | Villager (Male) |
| 1:55 | Create | Villager (Male) |
| 2:04 | Build | Lumber Camp |
| 2:30 | Create | Villager (Male) |
| 2:30 | Create | Villager (Male) |
| 3:02 | Create | Villager (Male) |
| 3:02 | Create | Villager (Male) |
| 3:30 | Create | Villager (Male) |
| 3:30 | Create | Villager (Male) |
| 3:43 | Create | Villager (Male) |
| 3:44 | Create | Villager (Male) |
| 4:06 | Create | Villager (Male) |
| 4:06 | Create | Villager (Male) |
| 4:09 | Build | House |
| 4:42 | Build | Mill |
| 4:46 | Create | Villager (Male) |
| 4:47 | Create | Villager (Male) |
| 5:09 | Create | Villager (Male) |
| 5:10 | Create | Villager (Male) |
| 5:10 | Create | Villager (Male) |
| 5:35 | Create | Villager (Male) |
| 5:35 | Create | Villager (Male) |
| 6:01 | Create | Villager (Male) |
| 6:02 | Create | Villager (Male) |
| 6:20 | Build | House |
| 6:22 | Create | Villager (Male) |
| 7:05 | Research | Loom |
| 7:22 | Build | Lumber Camp |
| 8:05 | Research | Feudal Age |
| 8:30 | Create | Villager (Male) |
| 8:34 | Build | Barracks |
| 8:51 | Create | Villager (Male) |
| 9:20 | Build | House |
| 10:18 | Age | Feudal Age |
| 10:29 | Build | Archery Range |
| 10:31 | Research | Double-Bit Axe |
| 10:35 | Create | Villager (Male) |
| 10:38 | Create | Villager (Male) |
| 10:44 | Build | Palisade Wall |
| 10:56 | Build | Farm |
| 10:58 | Build | Farm |
| 11:04 | Build | Archery Range |
| 11:28 | Build | Farm |
| 11:30 | Create | Villager (Male) |
| 11:33 | Build | Farm |
| 11:35 | Create | Villager (Male) |
| 11:39 | Build | House |
| 11:41 | Create | Archer |
| 12:19 | Build | Farm |
| 12:21 | Build | Farm |
| 12:23 | Build | Farm |
| 12:26 | Create | Villager (Male) |
| 12:30 | Build | House |
| 12:36 | Build | Farm |
| 12:41 | Build | House |
| 12:47 | Create | Villager (Male) |
| 12:58 | Build | Mining Camp |
| 13:17 | Build | Farm |
| 13:19 | Create | Villager (Male) |
| 13:26 | Build | Palisade Wall |
| 13:49 | Create | Villager (Male) |
| 13:54 | Create | Archer |
| 13:54 | Create | Archer |
| 14:13 | Create | Villager (Male) |
| 14:19 | Create | Archer |
| 14:19 | Create | Archer |
| 14:21 | Build | House |
| 14:35 | Create | Archer |
| 14:43 | Build | Palisade Wall |
| 14:51 | Create | Archer |
| 14:51 | Create | Archer |
| 15:02 | Build | House |
| 15:04 | Create | Villager (Male) |
| 15:15 | Create | Archer |
| 15:15 | Create | Archer |
| 15:28 | Create | Archer |
| 15:29 | Create | Archer |
| 15:33 | Create | Villager (Male) |
| 15:41 | Create | Villager (Male) |
| 15:44 | Create | Archer |
| 15:44 | Create | Archer |
| 15:44 | Create | Archer |
| 15:48 | Build | Farm |
| 16:08 | Create | Archer |
| 16:08 | Create | Archer |
| 16:13 | Build | House |
| 16:14 | Build | Palisade Wall |
| 16:28 | Build | Blacksmith |
| 16:34 | Create | Archer |
| 16:34 | Create | Archer |
| 16:35 | Create | Archer |
| 16:35 | Create | Archer |
| 16:36 | Create | Villager (Male) |
| 16:36 | Create | Villager (Male) |
| 16:37 | Create | Villager (Male) |
| 16:58 | Create | Villager (Male) |
| 17:04 | Create | Villager (Male) |
| 17:19 | Research | Castle Age |
| 17:45 | Create | Archer |
| 17:45 | Create | Archer |
| 17:45 | Create | Archer |
| 17:57 | Build | House |
| 17:58 | Build | Palisade Wall |
| 18:01 | Research | Gold Mining |
| 18:05 | Research | Horse Collar |
| 18:05 | Research | Horse Collar |
| 18:06 | Create | Villager (Male) |
| 18:12 | Build | House |
| 18:21 | Create | Villager (Male) |
| 18:36 | Research | Fletching |
| 18:36 | Research | Padded Archer Armor |
| 18:45 | Create | Archer |
| 18:45 | Create | Archer |
| 18:45 | Create | Archer |
| 18:46 | Create | Archer |
| 18:59 | Build | Archery Range |
| 20:03 | Create | Archer |
| 20:03 | Create | Archer |
| 20:03 | Create | Archer |
| 20:03 | Create | Archer |
| 20:04 | Create | Archer |
| 20:04 | Create | Archer |
| 20:06 | Create | Villager (Male) |
| 20:06 | Create | Villager (Male) |
| 20:06 | Age | Castle Age |
| 20:18 | Research | Crossbowman (upgrade) |
| 20:26 | Build | House |
| 20:33 | Research | Bow Saw |
| 20:45 | Create | Archer |
| 20:45 | Create | Archer |
| 20:57 | Create | Archer |
| 20:57 | Create | Archer |
| 20:57 | Create | Archer |
| 20:58 | Create | Archer |
| 20:58 | Create | Archer |
| 20:58 | Create | Archer |
| 21:32 | Create | Archer |
| 21:33 | Create | Archer |
| 21:33 | Create | Archer |
| 21:33 | Create | Archer |
| 21:33 | Create | Archer |
| 21:51 | Create | Villager (Male) |
| 21:56 | Build | Mining Camp |
Build order — Giorgi
First 150 of 169 actions detected
| 0:00 | Create | Villager (Male) |
| 0:01 | Create | Villager (Male) |
| 0:05 | Build | House |
| 0:06 | Build | House |
| 0:24 | Create | Villager (Male) |
| 0:25 | Create | Villager (Male) |
| 1:09 | Create | Villager (Male) |
| 1:09 | Create | Villager (Male) |
| 1:35 | Create | Villager (Male) |
| 1:35 | Create | Villager (Male) |
| 1:50 | Build | Lumber Camp |
| 1:53 | Create | Villager (Male) |
| 2:44 | Create | Villager (Male) |
| 2:44 | Create | Villager (Male) |
| 3:01 | Create | Villager (Male) |
| 3:12 | Create | Villager (Male) |
| 3:38 | Create | Villager (Male) |
| 3:52 | Build | House |
| 4:17 | Create | Villager (Male) |
| 4:20 | Build | Mill |
| 4:22 | Create | Villager (Male) |
| 5:13 | Create | Villager (Male) |
| 5:18 | Create | Villager (Male) |
| 5:47 | Create | Villager (Male) |
| 6:16 | Create | Villager (Male) |
| 6:30 | Build | House |
| 6:42 | Create | Villager (Male) |
| 7:16 | Create | Villager (Male) |
| 7:16 | Create | Villager (Male) |
| 7:21 | Create | Villager (Male) |
| 7:26 | Create | Villager (Male) |
| 7:27 | Create | Villager (Male) |
| 7:41 | Create | Villager (Male) |
| 7:55 | Build | House |
| 8:45 | Create | Villager (Male) |
| 8:48 | Build | Mining Camp |
| 8:59 | Create | Villager (Male) |
| 9:09 | Research | Loom |
| 9:17 | Research | Feudal Age |
| 10:23 | Create | Villager (Male) |
| 10:35 | Build | Barracks |
| 10:37 | Build | House |
| 10:57 | Create | Villager (Male) |
| 11:55 | Age | Feudal Age |
| 11:58 | Build | Stable |
| 11:59 | Build | Stable |
| 12:02 | Build | Farm |
| 12:03 | Build | Farm |
| 12:04 | Build | Farm |
| 12:05 | Build | Farm |
| 12:06 | Build | Farm |
| 12:10 | Build | Farm |
| 12:18 | Build | Farm |
| 12:19 | Build | Farm |
| 12:37 | Research | Double-Bit Axe |
| 12:51 | Create | Spearman |
| 14:06 | Create | Villager (Male) |
| 14:06 | Create | Villager (Male) |
| 14:08 | Create | Villager (Male) |
| 14:23 | Create | Spearman |
| 14:42 | Build | Market |
| 16:03 | Build | Stable |
| 16:36 | Research | Castle Age |
| 17:13 | Create | Spearman |
| 17:13 | Create | Spearman |
| 17:14 | Create | Spearman |
| 17:58 | Build | Stable |
| 19:16 | Age | Castle Age |
| 19:22 | Build | Town Center |
| 20:03 | Create | Villager (Male) |
| 20:03 | Create | Villager (Male) |
| 20:03 | Create | Villager (Male) |
| 20:24 | Create | Camel Scout |
| 20:24 | Create | Camel Scout |
| 20:25 | Create | Camel Scout |
| 20:31 | Create | Villager (Male) |
| 20:31 | Create | Villager (Male) |
| 20:35 | Create | Villager (Male) |
| 20:35 | Create | Villager (Male) |
| 20:36 | Create | Villager (Male) |
| 20:52 | Create | Villager (Male) |
| 20:52 | Create | Villager (Male) |
| 20:53 | Create | Villager (Male) |
| 21:25 | Create | Villager (Male) |
| 21:25 | Create | Villager (Male) |
| 21:50 | Create | Camel Scout |
| 22:09 | Build | Blacksmith |
| 22:51 | Build | Farm |
| 23:01 | Build | Siege Workshop |
| 23:18 | Create | Villager (Male) |
| 23:18 | Create | Villager (Male) |
| 23:18 | Create | Villager (Male) |
| 23:36 | Create | Mangonel |
| 24:38 | Build | Farm |
| 25:18 | Create | Villager (Male) |
| 25:19 | Create | Villager (Male) |
| 25:32 | Create | Camel Scout ×2 |
| 25:54 | Build | Lumber Camp |
| 26:03 | Create | Villager (Male) |
| 26:04 | Create | Villager (Male) |
| 26:09 | Create | Villager (Male) |
| 26:36 | Create | Mangonel |
| 26:56 | Create | Camel Scout ×2 |
| 27:50 | Create | Villager (Male) |
| 27:51 | Create | Villager (Male) |
| 27:51 | Create | Villager (Male) |
| 28:12 | Create | Mangonel |
| 28:33 | Create | Villager (Male) |
| 28:33 | Create | Villager (Male) |
| 28:34 | Create | Villager (Male) |
| 29:27 | Create | Mangonel |
| 31:00 | Create | Mangonel |
| 31:08 | Create | Villager (Male) |
| 31:09 | Create | Villager (Male) |
| 31:09 | Create | Villager (Male) |
| 31:09 | Create | Villager (Male) |
| 31:39 | Build | Farm |
| 32:39 | Build | Farm |
| 32:43 | Build | Farm |
| 32:44 | Build | Farm |
| 32:44 | Build | Farm |
| 32:46 | Build | Farm |
| 32:51 | Create | Villager (Male) |
| 32:52 | Create | Villager (Male) |
| 32:52 | Create | Villager (Male) |
| 32:59 | Create | Camel Scout ×4 |
| 32:59 | Create | Camel Scout ×4 |
| 33:00 | Create | Camel Scout ×4 |
| 33:05 | Create | Camel Scout |
| 33:05 | Create | Camel Scout |
| 33:09 | Build | House |
| 33:42 | Build | House |
| 34:45 | Build | House |
| 35:17 | Create | Camel Scout |
| 35:17 | Create | Camel Scout |
| 35:19 | Create | Villager (Male) |
| 35:19 | Create | Villager (Male) |
| 36:16 | Create | Mangonel |
| 37:24 | Research | Wheelbarrow |
| 37:27 | Create | Villager (Male) |
| 37:28 | Create | Villager (Male) |
| 37:31 | Create | Villager (Male) |
| 37:31 | Create | Villager (Male) |
| 39:05 | Create | Villager (Male) |
| 39:06 | Create | Villager (Male) |
| 39:06 | Create | Villager (Male) |
| 39:07 | Create | Villager (Male) |
| 39:07 | Create | Villager (Male) |
| 39:11 | Build | Farm |
| 39:14 | Create | Camel Scout |
Build order — Hyper-Drive
First 150 of 303 actions detected
| 0:04 | Build | House |
| 0:07 | Build | House |
| 0:29 | Create | Villager (Male) ×4 |
| 1:50 | Create | Villager (Male) |
| 1:51 | Create | Villager (Male) |
| 2:12 | Create | Villager (Male) |
| 2:13 | Create | Villager (Male) |
| 2:43 | Create | Villager (Male) |
| 2:44 | Create | Villager (Male) |
| 2:50 | Build | Lumber Camp |
| 2:52 | Create | Villager (Male) |
| 2:53 | Create | Villager (Male) |
| 3:14 | Create | Villager (Male) |
| 3:14 | Create | Villager (Male) |
| 3:46 | Create | Villager (Male) |
| 3:48 | Build | House |
| 3:49 | Build | House |
| 3:49 | Build | House |
| 3:50 | Build | House |
| 3:50 | Build | House |
| 4:48 | Create | Villager (Male) |
| 4:49 | Create | Villager (Male) |
| 4:49 | Create | Villager (Male) |
| 5:14 | Create | Villager (Male) |
| 5:14 | Create | Villager (Male) |
| 5:30 | Create | Villager (Male) |
| 5:31 | Create | Villager (Male) |
| 5:58 | Create | Villager (Male) |
| 6:20 | Create | Villager (Male) |
| 6:34 | Create | Villager (Male) |
| 7:11 | Build | House |
| 7:27 | Build | Palisade Wall |
| 7:29 | Build | Palisade Gate |
| 7:32 | Build | Mill |
| 7:34 | Create | Villager (Male) |
| 7:44 | Create | Villager (Male) |
| 8:39 | Create | Villager (Male) |
| 8:39 | Create | Villager (Male) |
| 8:40 | Create | Villager (Male) |
| 8:40 | Create | Villager (Male) |
| 9:04 | Create | Villager (Male) |
| 9:33 | Build | Palisade Wall |
| 9:39 | Build | House |
| 9:59 | Create | Villager (Male) |
| 10:14 | Build | Palisade Wall |
| 10:24 | Build | Palisade Wall |
| 10:31 | Build | House |
| 10:34 | Build | Barracks |
| 10:46 | Create | Villager (Male) |
| 10:53 | Research | Feudal Age |
| 10:53 | Research | Feudal Age |
| 11:05 | Build | House |
| 11:06 | Build | House |
| 11:06 | Build | House |
| 11:08 | Build | Palisade Wall |
| 11:16 | Build | Palisade Gate |
| 11:21 | Create | Villager (Male) |
| 11:42 | Create | Villager (Male) |
| 11:42 | Create | Villager (Male) |
| 11:51 | Research | Loom |
| 12:03 | Create | Villager (Male) |
| 12:03 | Create | Villager (Male) |
| 12:35 | Build | Palisade Wall |
| 12:40 | Build | Palisade Gate |
| 12:52 | Build | House |
| 12:52 | Build | House |
| 12:54 | Build | House |
| 12:54 | Build | House |
| 12:57 | Build | Palisade Wall |
| 12:59 | Build | Palisade Wall |
| 13:21 | Age | Feudal Age |
| 13:26 | Research | Horse Collar |
| 13:32 | Create | Villager (Male) |
| 14:10 | Build | Stable |
| 14:16 | Build | Stable |
| 14:16 | Create | Villager (Male) |
| 14:22 | Build | Blacksmith |
| 14:56 | Create | Villager (Male) |
| 15:18 | Build | Lumber Camp |
| 15:26 | Create | Villager (Male) |
| 15:31 | Build | Farm |
| 15:31 | Build | Farm |
| 15:31 | Build | Farm |
| 15:31 | Build | Farm |
| 15:32 | Build | Farm |
| 15:32 | Build | Farm |
| 15:32 | Build | Farm |
| 15:32 | Build | Farm |
| 16:01 | Create | Villager (Male) |
| 16:09 | Build | Stone Wall |
| 16:14 | Build | Stone Wall |
| 16:15 | Create | Villager (Male) |
| 16:26 | Build | Gate |
| 16:35 | Build | Farm |
| 16:55 | Create | Villager (Male) |
| 16:57 | Build | Farm |
| 17:06 | Build | Mining Camp |
| 17:13 | Create | Villager (Male) |
| 17:23 | Build | Farm |
| 17:45 | Create | Villager (Male) |
| 17:47 | Build | Farm |
| 18:06 | Build | Market |
| 18:12 | Build | Market |
| 18:14 | Create | Villager (Male) |
| 18:19 | Build | Farm |
| 18:24 | Create | Scout Cavalry ×5 |
| 18:29 | Research | Scale Mail Armor |
| 18:30 | Research | Forging |
| 18:32 | Research | Scale Barding Armor |
| 18:39 | Build | Palisade Wall |
| 18:45 | Build | Stone Wall |
| 18:49 | Build | Stone Wall |
| 18:55 | Build | Gate |
| 18:57 | Build | Stone Wall |
| 19:18 | Build | Gate |
| 19:36 | Build | House |
| 19:45 | Build | House |
| 19:56 | Create | Scout Cavalry |
| 19:57 | Create | Scout Cavalry |
| 19:57 | Create | Scout Cavalry |
| 19:57 | Create | Scout Cavalry |
| 20:17 | Build | House |
| 20:23 | Create | Villager (Male) |
| 20:56 | Create | Scout Cavalry |
| 21:33 | Build | Farm |
| 21:38 | Build | Farm |
| 21:38 | Build | Farm |
| 21:39 | Build | Farm |
| 21:40 | Build | Farm |
| 21:41 | Build | Farm |
| 21:42 | Build | Farm |
| 21:42 | Build | Farm |
| 21:43 | Build | Farm |
| 21:43 | Build | Farm |
| 21:55 | Create | Villager (Male) |
| 21:58 | Build | Mining Camp |
| 22:13 | Build | Watch Tower |
| 22:35 | Build | Palisade Wall |
| 23:09 | Build | Mining Camp |
| 23:16 | Build | Palisade Gate |
| 23:36 | Create | Villager (Male) |
| 23:51 | Research | Fletching |
| 24:07 | Create | Villager (Male) |
| 24:27 | Create | Villager (Male) |
| 24:39 | Research | Bloodlines |
| 24:53 | Build | Farm |
| 25:03 | Research | Gold Mining |
| 25:22 | Create | Villager (Male) |
| 25:22 | Create | Villager (Male) |
| 25:31 | Build | Lumber Camp |
Build order — [Virgins]ItalianStallion
First 150 of 440 actions detected
| 0:04 | Create | Villager (Male) |
| 0:05 | Create | Villager (Male) |
| 0:05 | Create | Villager (Male) |
| 0:06 | Create | Villager (Male) |
| 0:06 | Create | Villager (Male) |
| 0:06 | Create | Villager (Male) |
| 0:06 | Create | Villager (Male) |
| 0:08 | Build | House |
| 0:11 | Build | House |
| 1:30 | Create | Villager (Male) |
| 1:30 | Create | Villager (Male) |
| 2:00 | Build | Lumber Camp |
| 2:06 | Create | Villager (Male) |
| 2:30 | Create | Villager (Male) |
| 2:30 | Create | Villager (Male) |
| 2:31 | Create | Villager (Male) |
| 3:12 | Create | Villager (Male) |
| 3:12 | Create | Villager (Male) |
| 3:12 | Create | Villager (Male) |
| 3:12 | Create | Villager (Male) |
| 3:40 | Build | House |
| 3:47 | Create | Villager (Male) |
| 4:17 | Build | Mill |
| 4:22 | Create | Villager (Male) |
| 4:22 | Create | Villager (Male) |
| 4:50 | Create | Villager (Male) |
| 4:51 | Create | Villager (Male) |
| 4:51 | Create | Villager (Male) |
| 5:39 | Create | Villager (Male) |
| 5:39 | Create | Villager (Male) |
| 5:40 | Create | Villager (Male) |
| 6:03 | Create | Villager (Male) |
| 6:18 | Create | Villager (Male) |
| 6:18 | Create | Villager (Male) |
| 6:36 | Build | House |
| 6:40 | Create | Villager (Male) |
| 6:41 | Create | Villager (Male) |
| 6:41 | Create | Villager (Male) |
| 7:06 | Research | Loom |
| 7:06 | Create | Villager (Male) |
| 7:06 | Create | Villager (Male) |
| 7:07 | Create | Villager (Male) |
| 8:02 | Research | Feudal Age |
| 8:03 | Research | Feudal Age |
| 8:11 | Build | Barracks |
| 8:18 | Build | Mining Camp |
| 8:40 | Build | House |
| 9:37 | Build | Palisade Wall |
| 10:12 | Age | Feudal Age |
| 10:17 | Build | Archery Range |
| 10:20 | Build | Archery Range |
| 10:21 | Build | Archery Range |
| 10:37 | Build | Archery Range |
| 10:40 | Research | Town Watch |
| 10:41 | Create | Villager (Male) |
| 10:42 | Create | Villager (Male) |
| 10:42 | Create | Villager (Male) |
| 10:47 | Research | Double-Bit Axe |
| 10:47 | Research | Double-Bit Axe |
| 10:52 | Build | Palisade Wall |
| 11:30 | Build | Palisade Wall |
| 11:35 | Create | Archer ×4 |
| 11:41 | Research | Horse Collar |
| 11:42 | Research | Horse Collar |
| 11:42 | Research | Town Watch |
| 11:42 | Research | Town Watch |
| 11:42 | Create | Villager (Male) |
| 11:43 | Create | Villager (Male) |
| 12:03 | Create | Archer |
| 12:08 | Create | Villager (Male) |
| 12:08 | Create | Villager (Male) |
| 12:09 | Create | Villager (Male) |
| 12:34 | Build | Farm |
| 12:38 | Create | Villager (Male) |
| 12:42 | Create | Archer |
| 12:43 | Create | Archer |
| 12:57 | Build | Blacksmith |
| 13:09 | Research | Town Watch |
| 13:23 | Build | Farm |
| 13:25 | Build | Farm |
| 13:28 | Build | House |
| 13:37 | Build | House |
| 13:47 | Create | Archer |
| 13:48 | Create | Archer |
| 14:08 | Research | Town Watch |
| 14:11 | Build | House |
| 14:34 | Research | Fletching |
| 14:34 | Research | Fletching |
| 14:34 | Research | Fletching |
| 14:55 | Create | Villager (Male) |
| 14:56 | Create | Villager (Male) |
| 14:58 | Build | Farm |
| 14:58 | Build | Farm |
| 14:58 | Build | Farm |
| 14:59 | Build | Farm |
| 14:59 | Build | Farm |
| 15:27 | Create | Villager (Male) |
| 15:27 | Create | Villager (Male) |
| 15:37 | Build | Farm |
| 16:14 | Create | Archer ×2 |
| 16:14 | Create | Archer ×2 |
| 16:15 | Create | Archer ×2 |
| 16:39 | Create | Villager (Male) |
| 16:40 | Create | Villager (Male) |
| 16:40 | Create | Villager (Male) |
| 16:43 | Build | Farm |
| 16:43 | Build | Farm |
| 16:43 | Build | Farm |
| 16:43 | Build | Farm |
| 16:44 | Build | Farm |
| 16:44 | Build | Farm |
| 16:44 | Build | Farm |
| 16:56 | Research | Gold Mining |
| 16:57 | Research | Gold Mining |
| 16:57 | Research | Gold Mining |
| 17:01 | Create | Archer ×2 |
| 17:01 | Create | Archer ×2 |
| 17:01 | Create | Archer ×2 |
| 17:01 | Create | Archer ×2 |
| 17:01 | Create | Archer ×2 |
| 17:17 | Create | Archer |
| 17:50 | Create | Villager (Male) |
| 17:50 | Create | Villager (Male) |
| 17:50 | Create | Villager (Male) |
| 18:02 | Build | House |
| 18:03 | Build | House |
| 18:04 | Build | House |
| 18:38 | Create | Villager (Male) |
| 18:38 | Create | Villager (Male) |
| 18:39 | Create | Villager (Male) |
| 18:42 | Build | House |
| 18:43 | Build | House |
| 18:44 | Build | House |
| 18:52 | Build | Market |
| 19:45 | Create | Archer ×5 |
| 20:25 | Research | Castle Age |
| 20:25 | Research | Castle Age |
| 20:25 | Research | Castle Age |
| 20:31 | Create | Archer ×5 |
| 20:31 | Create | Archer ×5 |
| 20:38 | Create | Villager (Male) |
| 20:38 | Create | Villager (Male) |
| 20:43 | Build | Palisade Wall |
| 20:45 | Build | Palisade Wall |
| 20:58 | Create | Archer |
| 20:58 | Create | Archer |
| 21:21 | Create | Archer ×2 |
| 21:21 | Create | Archer ×2 |
| 21:40 | Research | Padded Archer Armor |
| 21:41 | Research | Padded Archer Armor |
Match timeline
| 7:07 | marshonginn · wall_segment Palisade Wall x10 |
| 7:27 | Hyper-Drive · wall_segment Palisade Wall x12 |
| 7:27 | marshonginn · wall_segment Palisade Wall x3 |
| 7:58 | marshonginn · wall_segment Palisade Wall x7 |
| 8:11 | [Virgins]ItalianStallion · first_building Barracks |
| 8:34 | MagicHunt · first_building Barracks |
| 8:48 | Lith_KING · first_building Barracks |
| 9:33 | Hyper-Drive · wall_segment Palisade Wall x7 |
| 9:37 | [Virgins]ItalianStallion · wall_segment Palisade Wall x9 |
| 9:39 | marshonginn · wall_segment Palisade Wall x14 |
| 10:10 | Lith_KING · age_up feudal |
| 10:12 | [Virgins]ItalianStallion · age_up feudal |
| 10:14 | Hyper-Drive · wall_segment Palisade Wall x8 |
| 10:16 | Lith_KING · first_building Stable |
| 10:17 | [Virgins]ItalianStallion · first_building Archery Range |
| 10:18 | MagicHunt · age_up feudal |
| 10:23 | marshonginn · wall_segment Palisade Wall x5 |
| 10:24 | Hyper-Drive · wall_segment Palisade Wall x1 |
| 10:29 | MagicHunt · first_building Archery Range |
| 10:34 | Hyper-Drive · first_building Barracks |
| 10:35 | Giorgi · first_building Barracks |
| 10:44 | MagicHunt · wall_segment Palisade Wall x9 |
| 10:52 | [Virgins]ItalianStallion · wall_segment Palisade Wall x6 |
| 11:08 | Hyper-Drive · wall_segment Palisade Wall x3 |
| 11:10 | marshonginn · age_up feudal |
| 11:30 | [Virgins]ItalianStallion · wall_segment Palisade Wall x6 |
| 11:55 | Giorgi · age_up feudal |
| 11:58 | Giorgi · first_building Stable |
| 12:35 | Hyper-Drive · wall_segment Palisade Wall x29 |
| 12:57 | Hyper-Drive · wall_segment Palisade Wall x3 |
| 12:59 | Hyper-Drive · wall_segment Palisade Wall x11 |
| 13:21 | Hyper-Drive · age_up feudal |
| 13:26 | MagicHunt · wall_segment Palisade Wall x11 |
| 14:10 | Hyper-Drive · first_building Stable |
| 14:43 | MagicHunt · wall_segment Palisade Wall x13 |
| 16:06 | marshonginn · first_market_buy 500 food |
| 16:08 | marshonginn · first_market_sell 100 wood |
| 16:09 | Hyper-Drive · wall_segment Stone Wall x8 |
| 16:14 | Hyper-Drive · wall_segment Stone Wall x14 |
| 16:14 | MagicHunt · wall_segment Palisade Wall x4 |
| 17:58 | MagicHunt · wall_segment Palisade Wall x7 |
| 18:39 | Hyper-Drive · wall_segment Palisade Wall x3 |
| 18:45 | Hyper-Drive · wall_segment Stone Wall x1 |
| 18:49 | Hyper-Drive · wall_segment Stone Wall x3 |
| 18:57 | Hyper-Drive · wall_segment Stone Wall x5 |
| 19:00 | marshonginn · age_up castle |
| 19:16 | Giorgi · age_up castle |
| 19:17 | Giorgi · first_market_sell 100 stone |
| 19:19 | Giorgi · first_market_buy 100 wood |
| 19:52 | marshonginn · first_building Castle |
| 20:04 | marshonginn · first_building Monastery |
| 20:06 | MagicHunt · age_up castle |
| 20:43 | [Virgins]ItalianStallion · wall_segment Palisade Wall x9 |
| 20:45 | [Virgins]ItalianStallion · wall_segment Palisade Wall x4 |
| 21:57 | Lith_KING · age_up castle |
| 22:35 | Hyper-Drive · wall_segment Palisade Wall x1 |
| 23:01 | Giorgi · first_building Siege Workshop |
| 23:05 | [Virgins]ItalianStallion · age_up castle |
| 23:11 | Lith_KING · first_building Monastery |
| 24:37 | Hyper-Drive · first_market_sell 100 food |
| 25:17 | [Virgins]ItalianStallion · first_building Siege Workshop |
| 28:56 | MagicHunt · wall_segment Palisade Wall x12 |
| 29:42 | marshonginn · wall_segment Stone Wall x1 |
| 30:36 | MagicHunt · wall_segment Palisade Wall x12 |
| 31:16 | Hyper-Drive · age_up castle |
| 32:23 | [Virgins]ItalianStallion · first_building Monastery |
| 33:19 | Hyper-Drive · first_building Siege Workshop |
| 33:45 | MagicHunt · wall_segment Palisade Wall x2 |
| 33:49 | MagicHunt · wall_segment Palisade Wall x1 |
| 36:45 | MagicHunt · wall_segment Palisade Wall x10 |
| 36:46 | MagicHunt · wall_segment Palisade Wall x1 |
| 36:52 | marshonginn · age_up imperial |
| 37:20 | [Virgins]ItalianStallion · first_building Castle |
| 38:19 | Hyper-Drive · wall_segment Palisade Wall x2 |
| 38:20 | marshonginn · first_building Barracks |
| 38:21 | Lith_KING · first_building Castle |
| 39:00 | Hyper-Drive · first_building Castle |
| 39:29 | marshonginn · first_building Stable |
| 40:41 | [Virgins]ItalianStallion · first_market_sell 500 wood |
| 41:19 | Hyper-Drive · wall_segment Stone Wall x9 |
| 41:21 | MagicHunt · first_building Castle |
| 42:38 | MagicHunt · first_market_sell 100 stone |
| 42:43 | MagicHunt · first_market_buy 100 food |
| 43:55 | [Virgins]ItalianStallion · age_up imperial |
| 44:00 | Hyper-Drive · first_market_buy 100 food |
| 44:40 | Hyper-Drive · wall_segment Stone Wall x2 |
| 47:28 | Hyper-Drive · age_up imperial |
| 47:39 | MagicHunt · age_up imperial |
| 47:58 | Giorgi · resign |
[ AI ANALYSIS · 1 CREDIT ]
What really happened in this match?
Wolo.gg analyzes every decision: build order, eco, micro, common mistakes by bracket. Personalized analysis on WhatsApp or Discord in 30 seconds.
Civ guide
Lithuanians
Map guide
Arabia
Perfil
Lith_KING